 Dungeon Crawl Stone Soup version 0.30-a0-920-g7493c07aab (webtiles) character file.

Game seed: 4769647373684368830

11562 Mesmaeker13 the Martial Artist (level 11, -14/96 HPs)
             Began as an Octopode Transmuter on Mar 21, 2023.
             Was a Believer of Wu Jian.
             Demolished by a shadow (32 damage)
             ... on level 10 of the Dungeon.
             The game lasted 00:26:02 (10109 turns).

Mesmaeker13 the Martial Artist (OpTm)              Turns: 10109, Time: 00:26:03

Health: -14/96     AC:  9    Str: 11    XL:     11   Next: 79%
Magic:  14/14      EV: 10    Int: 18    God:    Wu Jian [**....]
Gold:   555        SH:  0    Dex: 13    Spells: 3/14 levels left

rFire   + . .      SeeInvis .    A - melded +8 long sword of Zeiczuc {elec, Will+ Str+5 Dex+3}
rCold   + + +      Faith    .    (shield currently unavailable)
rNeg    . . .      Spirit   .    (helmet currently unavailable)
rPois   +          Reflect  .    r - amulet of magic regeneration
rElec   .          Rampage  .    m - ring of willpower
rCorr   .                        l - +4 ring of protection
Will    +....                    g - ring of flight
Stlth   +                        C - +4 ring of protection
HPRegen 0.36/turn                D - ring of protection from fire
MPRegen 0.54/turn                h - ring of protection from fire
                                 (no ring)
                                 (no ring)

@: ice-form, wereblooded, corroded, flying
A: freezing attack, boosted hp, almost no armour, amphibious, 8 rings, large,
(camouflage 1), (gelatinous body 1), (nimble swimmer 1), (tentacles)
a: End Transformation, Renounce Religion, Wall Jump


You were on level 10 of the Dungeon.
You worshipped Wu Jian.
Wu Jian was pleased with you.
You were a creature of crystalline ice.
You visited 2 branches of the dungeon, and saw 12 of its levels.
You also visited: Bailey.

You collected 555 gold pieces.

Inventory:

Hand Weapons
 q - a +1 trident
 A - the +8 long sword of Zeiczuc (melded) {elec, Will+ Str+5 Dex+3}
   (You found it on level 6 of the Dungeon)

   Str:       It affects your strength (+5).
   Dex:       It affects your dexterity (+3).
   Will:      It increases your willpower.
 H - a +5 scimitar
 I - a +0 morningstar of holy wrath
Missiles
 f - 103 stones
 o - 2 curare-tipped darts (quivered)
Jewellery
 g - a ring of flight (on tentacle)
 h - a ring of protection from fire (on tentacle)
 l - a +4 ring of protection (right front paw)
 m - a ring of willpower (left front paw)
 r - an amulet of magic regeneration (around neck)
 C - a +4 ring of protection (on tentacle)
 D - a ring of protection from fire (on tentacle)
 G - an amulet of faith
Wands
 F - a wand of flame (39)
Scrolls
 c - 3 scrolls of teleportation
 s - 3 scrolls of enchant armour
 t - a scroll of fog {unknown}
 u - a scroll of immolation {unknown}
 v - 2 scrolls of poison {unknown}
 w - a scroll of noise {unknown}
 y - 3 scrolls of magic mapping
 z - a scroll of amnesia
 B - a scroll of torment {unknown}
 E - a scroll of silence
Potions
 a - 3 potions of lignification
 b - 2 potions of magic {unknown}
 d - 3 potions of curing
 e - 3 potions of haste
 i - a potion of heal wounds {unknown}
 j - 2 potions of flight {unknown}
 k - 2 potions of degeneration {unknown}
 n - a potion of brilliance
 p - a potion of might
 x - 3 potions of attraction {unknown}


   Skills:
 + Level 9.4 Fighting
 - Level 2.0 Dodging
 + Level 9.9 Unarmed Combat
 - Level 2.0 Spellcasting
 + Level 9.6 Transmutations
 + Level 8.9 Ice Magic


You had 3 spell levels left.
You knew the following spells:

 Your Spells              Type           Power      Damage    Failure   Level
a - Blade Hands           Tmut           18%        N/A       10%         5
b - Wereblood             Tmut           36%        N/A       1%          2
c - Ice Form              Ice/Tmut       35%        N/A       4%          4

Your spell library contained the following spells:

 Spells                   Type           Power      Damage    Failure   Level
 Beastly Appendage        Tmut           72%        N/A       1%          1
 Spider Form              Tmut/Pois      19%        N/A       8%          3
 Lesser Beckoning         Tloc           2%         N/A       26%         2
 Gell's Gravitas          Tloc           1%         N/A       47%         3
 Portal Projectile        Hex/Tloc       2%         N/A       47%         3
 Teleport Other           Tloc           1%         N/A       47%         3
 Tukima's Dance           Hex            1%         N/A       47%         3
 Animate Dead             Necr           1%         N/A       87%         4
 Borgnjor's Vile Clutch   Necr/Erth      0%         N/A       99%         5
 Death Channel            Necr           0%         N/A       100%        6


Dungeon Overview and Level Annotations

Branches:
Dungeon (11/15)            Temple (1/1) D:7             Orc (0/2) D:9
 Bailey (visited)
   Lair: D:8-11

Altars:
Ashenzari
Cheibriados
Dithmenos
Elyvilon
Fedhas
Gozag
Hepliaklqana
Kikubaaqudgha
Makhleb
Nemelex Xobeh
Okawaru
Qazlal
Ru
Sif Muna
Trog
Uskayaw
Vehumet
Wu Jian
Xom
Yredelemnul
Zin
The Shining One

Shops:
D:3 *   D:5 =

Annotations:
D:6 1 exclusion
D:8 exclusion: orange crystal statue


Innate Abilities, Weirdness & Mutations

You are a creature of crystalline ice.
You have a powerful freezing melee attack.
Your maximum health is increased.
Your armour is entirely melded.
You are incapable of wielding weapons or throwing items.
You cannot wear most types of armour.
You are amphibious.
You can wear up to eight rings at the same time.
((Your skin changes colour to match your surroundings (Stealth+).))
((Your rubbery body absorbs attacks. (AC +1, EV +1)))
((You are camouflaged when in or above water. (Stealth+)))
((You have tentacles for arms and can constrict up to eight enemies at once.))


Message History

The Council accepts your kill.
You hit the gargoyle but do no damage.
A shadow comes into view.
The gargoyle closely misses you.
You punch the gargoyle! You freeze the gargoyle.
The gargoyle is heavily damaged.
The gargoyle hits you with a +0 flail!
You hit the gargoyle but do no damage.
The gargoyle is heavily damaged.
The gargoyle hits you with a +0 flail!
You hit the gargoyle but do no damage.
The gargoyle is heavily damaged.
You hit the gargoyle but do no damage.
The gargoyle is heavily damaged.
You howl as the wereblood boils in your veins!
The shadow slips into darkness.
The shadow flickers and vanishes!
Deactivating autopickup; reactivate with Ctrl-A.
The gargoyle hits you with a +0 flail.
You hit the gargoyle. You freeze the gargoyle.
The gargoyle is heavily damaged.
The gargoyle hits you with a +0 flail!
You barely miss the gargoyle.
The gargoyle is heavily damaged.
The gargoyle hurls a stone arrow at you.
The stone arrow misses you.
You pummel the gargoyle!! You freeze the gargoyle.
You feel a bit better.
You destroy the gargoyle!
The Council accepts your kill.
The shadow strikes at you from the darkness!
* * * LOW HITPOINT WARNING * * *
Reactivating autopickup.
The shadow slips into darkness.
The shadow flickers and vanishes!
Deactivating autopickup; reactivate with Ctrl-A.
Unknown command.
You completely miss something.
You howl as the wereblood boils in your veins!
The shadow strikes at you from the darkness!
You die...

............#..# #..###.###.#
...###...##..#.######....#.#...#
.#.# #.#.###.#....##...#.#.###.#
...# #...###.####....#.#.....#.#
###. .###....# #.####.###.#.#.##
# .#. #.#.)# #.# #........... #
#.# ....# #.# #.###.#.#... . .#.
###.####.# #.#.....#..# #.# #.
#.).{Y.# #.#.#.###.## .c#
#.#D.###.####.# #...#.#...## # .
#.....###.####.###.###..# # 9#
#.#z.........>..........# ###. #
...####.###.#.###..#..# °°.#
###......# #.#......#.## .#.#
#..##### #.######.#.# ...###..
#..## #.# #.#.# ........ ..# #.#
#.#.#


There were no monsters in sight!

Vanquished Creatures
  A two-headed ogre (D:9)
  A boulder beetle (D:9)
  A deep elf pyromancer (D:7)
  An orc knight (Bailey)
  Pikel (D:5)
  2 gargoyles (D:10)
  22 yaks
  A wraith (D:10)
  A warg (D:9)
  2 acid dragons (D:10)
  16 orc warriors
  A sky beast (D:7)
  An ice beast (D:7)
  A black bear (D:5)
  A centaur (D:6)
  2 phantoms (D:6)
  6 kobold brigands
  A gnoll sergeant (D:10)
  3 bullfrogs
  5 scorpions
  20 wights
  A killer bee (D:10)
  4 hounds
  2 jellies
  5 orc priests
  3 sleepcaps
  An iguana (D:6)
  4 orc wizards
  10 gnolls
  7 adders
  A shadow imp (D:3)
  A white imp (D:8)
  2 worms
  3 dart slugs (D:4)
  24 orcs
  4 bats
  7 endoplasms
  15 goblins
  12 hobgoblins
  7 jackals
  4 quokkas
  4 ball pythons
  2 frilled lizards (D:1)
  25 kobolds
  9 rats
247 creatures vanquished.

Vanquished Creatures (others)
  A plant (D:1)
1 creature vanquished.

Grand Total: 248 creatures vanquished

Notes
Turn   | Place    | Note
-------+----------+-------------------------------------------
     0 | D:1      | Mesmaeker13 the Octopode Transmuter began the quest for the
                  | Orb.
     0 | D:1      | Reached XP level 1. HP: 13/13 MP: 3/3
   110 | D:1      | Found a faded altar of an unknown god.
   180 | D:1      | Reached XP level 2. HP: 17/18 MP: 3/5
   370 | D:1      | Reached XP level 3. HP: 23/24 MP: 4/6
   373 | D:1      | Learned a level 2 spell: Wereblood
  1902 | D:3      | Reached XP level 4. HP: 28/29 MP: 3/7
  1947 | D:3      | Found Yhudor's Assorted Antiques.
  2607 | D:5      | Entered Level 5 of the Dungeon
  2690 | D:5      | Noticed a scorpion
  2697 | D:5      | Killed a scorpion
  2698 | D:5      | Reached XP level 5. HP: 36/36 MP: 8/8
  2703 | D:5      | Learned a level 4 spell: Ice Form
  2753 | D:5      | Noticed a lemure
  2755 | D:5      | Noticed a lemure
  2756 | D:5      | Noticed Pikel
  2756 | D:5      | Noticed a lemure
  2955 | D:4      | Reached skill level 1 in Ice Magic
  2955 | D:4      | Reached XP level 6. HP: 38/42 MP: 9/9
  3136 | D:5      | Noticed a black bear
  3336 | D:6      | Reached XP level 7. HP: 47/47 MP: 10/10
  3415 | D:6      | Reached skill level 5 in Unarmed Combat
  4248 | D:6      | Noticed a moth of wrath
  4295 | D:6      | Reached skill level 5 in Transmutations
  4295 | D:6      | Reached XP level 8. HP: 54/54 MP: 9/11
  4408 | D:6      | Found a bloodstained altar of Trog.
  4451 | D:6      | Identified the +8 long sword of Zeiczuc {elec, Will+ Str+5
                  | Dex+3}
  4494 | D:5      | Found Piudwin's Jewellery Shop.
  4683 | D:5      | Killed Pikel
  4684 | D:5      | Reached skill level 5 in Fighting
  5141 | D:7      | Reached XP level 9. HP: 61/62 MP: 12/12
  5164 | D:7      | Noticed a deep elf pyromancer
  5476 | D:7      | Reached skill level 5 in Ice Magic
  5543 | D:7      | Found a blossoming altar of Fedhas.
  5543 | D:7      | Found a staircase to the Ecumenical Temple.
  5667 | D:7      | Found a flagged portal.
  5677 | Bailey   | Entered a bailey
  5812 | Bailey   | Noticed an orc knight
  5842 | Bailey   | Killed an orc knight
  5843 | Bailey   | Reached XP level 10. HP: 33/71 MP: 13/13
  6041 | Bailey   | Noticed an orc warlord
  6074 | Bailey   | Noticed an orc knight
  6076 | Bailey   | HP: 3/71 [hobgoblin/+0 hand axe (5)]
  6300 | D:7      | Killed a deep elf pyromancer
  6453 | Temple   | Entered the Ecumenical Temple
  6460 | Temple   | Became a worshipper of the Wu Jian Council
  6527 | D:7      | Found a sparkling altar of Nemelex Xobeh.
  7106 | D:8      | Noticed an orange crystal statue
  7134 | D:8      | Found a snail-covered altar of Cheibriados.
  7231 | D:8      | Found a burning altar of Makhleb.
  7475 | D:8      | Reached * piety under Wu Jian
  7937 | D:9      | Noticed a two-headed ogre
  8112 | D:9      | Found a staircase to the Orcish Mines.
  8300 | D:9      | Reached XP level 11. HP: 78/78 MP: 14/14
  8756 | D:9      | Reached ** piety under Wu Jian
  8795 | D:9      | Killed a two-headed ogre
  9337 | D:10     | Entered Level 10 of the Dungeon
  9476 | D:10     | Learned a level 5 spell: Blade Hands
  9511 | D:10     | You are sucked into a shaft and drop 1 floor!
  9539 | D:11     | Noticed a two-headed ogre
  9552 | D:10     | Noticed a boulder beetle
  9583 | D:9      | Killed a boulder beetle
 10109 | D:10     | Demolished by a shadow

Illustrated notes

Levels and vault maps discovered:
D:1:      dpeg_arrival_radiant, layout_rooms,
          shapermc_ecumenical_altar_mp_urbaneastern, dreamdust_wishing_well,
          minmay_three_crescents
D:2:      layout_loops_corners
D:3:      layout_rooms, serial_shops, nicolae_shop_advertising_works
          [nicolae_subvault_shop_adworks], chequers_avenue
D:4:      layout_basic
D:5:      layout_basic, serial_shops, shop, uniq_pikel
D:6:      layout_cave_pools, tgw_trog
D:7:      layout_loops_ring, general_overflow_altar,
          mainiacjoe_overflow_boulevard, minmay_temple_entry_large_hall,
          enter_bailey_3
D:8:      minmay_statue_hallways, layout_basic,
          mainiacjoe_overflow_tiny_flanked, mainiacjoe_overflow_alcove_1,
          chequers_serial_rivers_micro_c, minmay_misc_feat_pillars
D:9:      layout_layer_cave, david_orc_3, amcnicky_mini_rare_corridor_liquid
D:10:     layout_basic, enter_trove_5, minmay_misc_feat_roman,
          minmay_starry_boxes
D:11:     layout_small_grid, minmay_lair_entry_grove, gammafunk_ghost_arena,
          nicolae_diode_intersection
Temple:   sentei_temple_godly_chess

Skill      XL: |  1  2  3  4  5  6  7  8  9 10 11 |
---------------+----------------------------------+-----
Fighting       | 2 3 4 5 7 8 9 |  9.4
Transmutations | 3 4 5 6 7 8 9 |  9.6
Unarmed Combat | 4 5 6 7 8 9 |  9.9
Ice Magic      | 1 2 3 4 6 7 8 |  8.9
Dodging        | |  2.0
Spellcasting   | |  2.0

Action                     |  1- 3 |  4- 6 |  7- 9 | 10-12 || total
---------------------------+-------+-------+-------+-------++-------
  Melee: Unarmed           |    85 |    70 |   215 |   252 ||   622
         Kick              |    20 |    16 |     3 |       ||    39
         Constrict         |    24 |    14 |     5 |     7 ||    50
         Tentacles         |    17 |    10 |     4 |     7 ||    38
         Punch             |     1 |       |     2 |     1 ||     4
         Long sword        |       |       |     7 |    31 ||    38
  Throw: Dart              |       |    13 |     3 |     3 ||    19
   Cast: Beastly Appendage |    24 |    20 |     4 |       ||    48
         Wereblood         |     2 |       |    10 |    19 ||    31
         Ice Form          |       |     2 |    15 |    25 ||    42
Ability: Lunge             |       |       |       |    11 ||    11
         Whirlwind         |       |       |       |     4 ||     4
         End Transformatio |       |       |       |     2 ||     2
  Evoke: Wand              |       |       |     1 |     3 ||     4
    Use: Scroll            |     3 |     1 |     6 |     8 ||    18
         Potion            |       |     1 |     2 |     2 ||     5
   Stab: Sleeping          |     3 |     1 |       |       ||     4
 Armour: Skin              |    12 |    16 |    70 |    73 ||   171
  Dodge: Dodged            |    60 |    35 |   104 |   121 ||   320

Table legend: (Time is in decaauts)
 A = Elapsed time spent in this place.
 B = Non-inter-level travel time spent in this place.
 C = Inter-level travel time spent in this place.
 D = Time resting spent in this place.
 E = Time spent auto-exploring this place.
 F = Levels seen in this place.
 G = Mean time per level.
                   A        B        C        D        E       F      G
               +--------+--------+--------+--------+--------+-----+--------+
         Total |  10058 |   9530 |    528 |   1262 |   5458 |  13 |  773.7 |
       Dungeon |   9636 |   9113 |    523 |   1143 |   5458 |  11 |  876.0 |
        Temple |     13 |      8 |      5 |      0 |      0 |   1 |   13.0 |
        Bailey |    409 |    409 |      0 |    119 |      0 |   1 |  409.0 |
               +--------+--------+--------+--------+--------+-----+--------+

Top non-repeatable levels by time:
     D:9: 1476 daAuts
     D:6: 1470 daAuts
     D:7: 1147 daAuts
     D:2: 1021 daAuts
     D:8: 1009 daAuts
     D:4: 890 daAuts
     D:1: 805 daAuts
     D:5: 680 daAuts
    D:10: 606 daAuts
     D:3: 496 daAuts
  Bailey: 409 daAuts
    D:11: 31 daAuts
  Temple: 13 daAuts
